 Dungeon Crawl Stone Soup version 0.29-a0-824-gd827844252 (webtiles) character file.

Game seed: 3360163766552855556

1064 Shayle the Sneak (level 8, 0/72 HPs)
             Began as a Naga Brigand on July 10, 2022.
             Killed from afar by a white imp (9 damage)
             ... with a puff of frost
             ... on level 6 of the Dungeon.
             The game lasted 00:15:47 (6288 turns).

Shayle the Sneak (Naga Brigand)                     Turns: 6288, Time: 00:15:47

Health: 0/72       AC:  4    Str: 14    XL:     8   Next: 27%
Magic:  13/13      EV:  9    Int: 13    God:
Gold:   408        SH:  0    Dex: 13    Spells: 9/13 levels left

rFire   + . .      SeeInvis +   r - +0 club (spect)
rCold   . . .      Faith    .   (no shield)
rNeg    . . .      Spirit   .   b - +0 robe
rPois   +          Reflect  .   (no helmet)
rElec   .          Harm     .   c - +0 cloak
rCorr   .          Rampage  .   (no gloves)
Will    +....                   (no barding)
Stlth   +++.......              (no amulet)
HPRegen 0.22/turn               w - ring of wizardry
MPRegen 0.13/turn               i - ring of protection from fire

@: short of breath, very slow
A: AC +2, large, see invisible, deformed body, poison resistance, slowness 2,
spit poison 1, naga tail 1
a: Spit Poison


You were on level 6 of the Dungeon.
You visited 1 branch of the dungeon, and saw 6 of its levels.

You collected 408 gold pieces.

Inventory:

Hand Weapons
 a - a +2 dagger
 g - a +2 mace of holy wrath
 r - a +0 spectral club (weapon)
 u - a +1 dagger of electrocution
Missiles
 d - 6 poisoned darts
 e - 2 curare-tipped darts (quivered)
Armour
 b - a +0 robe (worn)
 c - a +0 cloak (worn)
Jewellery
 f - a ring of ice
 i - a ring of protection from fire (right hand)
 l - a ring of protection from fire
 o - an amulet of faith
 w - a ring of wizardry (left hand)
 z - a ring of flight
 B - a ring of protection from cold
 G - a ring of wizardry
Wands
 x - a wand of flame (14)
Scrolls
 k - 2 scrolls of blinking {unknown}
 m - a scroll of teleportation
 n - a scroll of silence {unknown}
 p - 2 scrolls of amnesia
 q - a scroll of brand weapon {unknown}
 s - 2 scrolls of poison {unknown}
 t - a scroll of enchant armour {unknown}
 v - a scroll of fear {unknown}
 y - a scroll of identify
 A - a scroll of magic mapping {unknown}
 C - a scroll of vulnerability {unknown}
Potions
 h - 2 potions of haste
 j - a potion of magic
 D - a potion of flight
 E - a potion of curing
 F - a potion of lignification


   Skills:
 + Level 4.2 Fighting
 - Level 2.0 Short Blades
 - Level 1.7 Throwing
 + Level 2.1 Armour
 - Level 0.7 Dodging
 - Level 7.1 Stealth
 + Level 3.3 Spellcasting
 + Level 2.4 Conjurations
 + Level 3.2 Transmutations
 + Level 2.7 Earth Magic
 + Level 4.5 Poison Magic


You had 9 spell levels left.
You knew the following spells:

 Your Spells              Type           Power      Damage    Failure   Level
a - Sting                 Tmut/Pois      48%        1d5       1%          1
b - Stone Arrow           Conj/Erth      16%        3d8       9%          3

Your spell library contained the following spells:

 Spells                   Type           Power      Damage    Failure   Level
 Sandblast                Erth           18%        2d7       3%          1
 Wereblood                Tmut           10%        N/A       3%          2
 Passwall                 Tmut/Erth      7%         N/A       4%          2
 Poisonous Vapours        Pois/Air       16%        N/A       5%          2
 Necrotise                Necr           8%         1d4       9%          1
 Sublimation of Blood     Necr           2%         N/A       13%         2
 Olgreb's Toxic Radiance  Pois           14%        N/A       14%         4
 Vampiric Draining        Necr           2%         2d6       26%         3
 Agony                    Necr           2%         N/A       91%         5
 Summon Hydra             Summ           1%         N/A       100%        7


Dungeon Overview and Level Annotations

Branches:
Dungeon (6/15)
 Temple: D:4-7

Altars:
Dithmenos
Elyvilon
Okawaru
Ru
Sif Muna
Vehumet
Wu Jian

Portals:
Abyss: D:4

Annotations:
D:4 2 transporters, gdog's ghost, novice GnDe
D:5 1 runed translucent door, Crazy Yiuf


Innate Abilities, Weirdness & Mutations

Your serpentine skin is tough. (AC +2)
You have supernaturally acute eyesight. (SInv)
Armour fits poorly on your strangely shaped body.
Your system is resistant to poisons. (rPois)
You cover ground very slowly.
You can spit poison.
You have a snake-like lower body.


Message History

The white imp closely misses your +0 spectral club.
You hear a shout!
The steam dragon breathes steam at you. The ball of steam hits you. You resist.
Unknown command.
The white imp is engulfed in a cloud of scalding steam.
The steam dragon attacks as you move away!
The steam dragon closely misses you. The steam dragon claws you.
* * * LOW HITPOINT WARNING * * *
The white imp hits you.
* * * LOW HITPOINT WARNING * * *
The white imp freezes you.
* * * LOW HITPOINT WARNING * * *
The steam dragon barely misses you. The steam dragon closely misses you.
There is a stone staircase leading down here.
You feel better. The steam dragon barely misses you.
The steam dragon claws you but does no damage.
The white imp gestures at you. The puff of frost hits you.
* * * LOW HITPOINT WARNING * * *
Unknown command.
Okay, then.
You hit the steam dragon.
The steam dragon is heavily wounded.
Your +0 spectral club hits the steam dragon but does no damage.
The white imp hits you but does no damage.
The steam dragon bites you!
* * * LOW HITPOINT WARNING * * *
The steam dragon claws you but does no damage.
Aiming: Spit Poison (1% risk of failure)
Press: ? - help, Shift-Dir - straight line, f/p - steam dragon
Aim: a steam dragon (heavily wounded, 64% to hit)
The splash of poison hits the steam dragon!
The steam dragon is poisoned.
The steam dragon is almost dead.
The steam dragon closely misses you.
The steam dragon claws you but does no damage.
The white imp gestures at you. The puff of frost hits you!
You die...

... #.....#........ #...
########...###.....##
...##....###...###.....##
..'.......'.............
#.......#.............
#.......#.§...........
#.......#.§.........##
##..5§.##...........##
#..D@.##.............
#.....##....###....##
#.....##.#### #######
#......+.. . ##....##..
## ###### # # +


You could see a steam dragon (poisoned) and a white imp.

Vanquished Creatures
  Grinder (D:5)
  A shadow (D:6)
  An ogre (D:6)
  Blork the orc (D:5)
  A gnoll sergeant (D:5)
  2 scorpions
  A hound (D:4)
  3 jellies
  An orc priest (D:3)
  Jessica (D:3)
  An orc wizard (D:6)
  3 gnolls (D:5)
  6 adders
  A shadow imp (D:5)
  A white imp (D:5)
  2 ufetubi
  2 worms
  A dart slug (D:3)
  8 orcs
  8 ball pythons
  7 endoplasms
  5 giant cockroaches
  5 goblins
  10 hobgoblins
  7 kobolds
  5 quokkas
  2 bats (D:2)
  2 frilled lizards (D:2)
  5 rats
94 creatures vanquished.

Notes
Turn   | Place    | Note
-------+----------+-------------------------------------------
     0 | D:1      | Shayle the Naga Brigand began the quest for the Orb.
     0 | D:1      | Reached XP level 1. HP: 19/19 MP: 1/1
   111 | D:1      | Reached skill level 6 in Stealth
   121 | D:1      | Reached XP level 2. HP: 18/26 MP: 2/2
   483 | D:1      | Learned a level 1 spell: Sting
   484 | D:1      | Reached skill level 1 in Spellcasting
   650 | D:1      | Found a faded altar of an unknown god.
   752 | D:1      | Reached XP level 3. HP: 26/33 MP: 4/4
   914 | D:2      | Found a white marble altar of Elyvilon.
  1267 | D:2      | Reached skill level 1 in Poison Magic
  2155 | D:3      | Reached skill level 1 in Transmutations
  2155 | D:3      | Reached XP level 4. HP: 40/40 MP: 5/5
  2261 | D:3      | Found a shadowy altar of Dithmenos.
  2370 | D:3      | Found an iron altar of Okawaru.
  2389 | D:3      | HP: 2/40 [orc/+0 hand axe (7)]
  2867 | D:3      | Noticed Jessica
  2873 | D:3      | Killed Jessica
  2874 | D:3      | Reached XP level 5. HP: 45/48 MP: 7/7
  3190 | D:4      | Reached skill level 7 in Stealth
  3375 | D:4      | Found a radiant altar of Vehumet.
  3377 | D:4      | Found an ornate altar of the Wu Jian Council.
  3638 | D:4      | Learned a level 3 spell: Stone Arrow
  3652 | D:4      | Found a transporter.
  3655 | D:4      | Found a transporter.
  3666 | D:4      | Noticed a small abomination
  3671 | D:4      | Noticed a small abomination
  3830 | D:4      | Reached XP level 6. HP: 56/56 MP: 9/9
  3906 | D:4      | Found a one-way gate to the infinite horrors of the Abyss.
  3906 | D:4      | Noticed gdog's ghost (novice GnDe)
  4169 | D:5      | Entered Level 5 of the Dungeon
  4208 | D:5      | Noticed Blork the orc
  4222 | D:5      | Killed Blork the orc
  4223 | D:5      | Reached skill level 1 in Conjurations
  4223 | D:5      | Reached skill level 1 in Earth Magic
  4593 | D:5      | Reached skill level 1 in Armour
  4593 | D:5      | Reached XP level 7. HP: 47/62 MP: 10/10
  4729 | D:5      | HP: 2/62 [gnoll sergeant/+0 spear (7)]
  5174 | D:5      | Found a sacrificial altar of Ru.
  5245 | D:5      | Found a shimmering blue altar of Sif Muna.
  5308 | D:5      | Noticed Grinder
  5319 | D:5      | Killed Grinder
  5458 | D:5      | Found a runed translucent door.
  5459 | D:5      | Noticed Crazy Yiuf
  6109 | D:6      | Reached XP level 8. HP: 58/72 MP: 12/12
  6248 | D:6      | Noticed a shadow
  6259 | D:6      | Killed a shadow
  6288 | D:6      | Killed from afar by a white imp

Illustrated notes

Levels and vault maps discovered:
D:1:      dpeg_arrival_simpleton_c, layout_loops_ring, basic_ecumenical_altar,
          minmay_tetromino_o4
D:2:      layout_basic, basic_altar, serial_park_tiny_pond
D:3:      layout_basic, mainiacjoe_overflow_brackets,
          grunt_dithmenos_smoke_and_mirrors, uniq_jessica
D:4:      layout_loops_ring, jmf_multi_god_temple,
          gammafunk_ghost_abyssal_escape
D:5:      layout_loops_ring, nicolae_ru_sacrificial_ziggurat,
          nicolae_sif_muna_little_library, grunt_ministairs_5, uniq_grinder,
          uniq_crazy_yiuf_cottage, uniq_blork_the_orc
D:6:      layout_gridville, slow_altar_2, uniq_menkaure

Skill      XL: |  1  2  3  4  5  6  7  8 |
---------------+-------------------------+-----
Stealth        | 6 7 |  7.1
Spellcasting   | 1 2 3 |  3.3
Poison Magic   | 1 2 3 4 |  4.5
Transmutations | 1 2 3 |  3.2
Fighting       | 3 4 |  4.2
Conjurations   | 1 2 |  2.4
Earth Magic    | 1 2 |  2.7
Armour         | 1 2 |  2.1
Short Blades   | |  2.0
Throwing       | |  1.7
Dodging        | |  0.7

Action                   |  1- 3 |  4- 6 |  7- 9 || total
-------------------------+-------+-------+-------++-------
Melee: Dagger            |    73 |    28 |       ||   101
       Club              |       |    59 |    68 ||   127
Throw: Dart              |    36 |    23 |     6 ||    65
 Abil: Spit Poison       |    20 |    17 |    11 ||    48
  Use: Potion            |       |     5 |     1 ||     6
       Scroll            |       |       |     4 ||     4
 Stab: Sleeping          |     2 |     4 |     1 ||     7
       Distracted        |       |     1 |     4 ||     5
Armor: Robe              |    19 |    18 |    18 ||    55
Dodge: Dodged            |    34 |    64 |    32 ||   130

Table legend: (Time is in decaauts)
 A = Elapsed time spent in this place.
 B = Non-inter-level travel time spent in this place.
 C = Inter-level travel time spent in this place.
 D = Time resting spent in this place.
 E = Time spent auto-exploring this place.
 F = Levels seen in this place.
 G = Mean time per level.
                   A        B        C        D        E       F      G
               +--------+--------+--------+--------+--------+-----+--------+
         Total |   7705 |   7527 |    178 |    908 |   5044 |   6 | 1284.2 |
       Dungeon |   7705 |   7527 |    178 |    908 |   5044 |   6 | 1284.2 |
               +--------+--------+--------+--------+--------+-----+--------+

Top non-repeatable levels by time:
     D:5: 2173 daAuts
     D:4: 1466 daAuts
     D:2: 1442 daAuts
     D:1: 1163 daAuts
     D:3: 1143 daAuts
     D:6: 317 daAuts
